 Dungeon Crawl Stone Soup version 0.29.0-4-gdea44cf6ec (webtiles) character file.

Game seed: 1621149704163686203

18384 qw the Severer (level 12, -1/112 HPs)
             Began as a Minotaur Berserker on Sept 7, 2022.
             Was an Elder of Trog.
             Killed from afar by an electric eel (11 damage)
             ... with a bolt of electricity
             ... on level 2 of the Lair of Beasts.
             The game lasted 00:04:00 (14143 turns).

qw the Severer (Minotaur Berserker)                Turns: 14143, Time: 00:04:01

Health: -1/112     AC: 23    Str: 27    XL:     12   Next: 27%
Magic:  11/11      EV:  9    Int:  4    God:    Trog [****..]
Gold:   2161       SH:  7    Dex: 13    Spells: 11/11 levels left

rFire   . . .      SeeInvis +   Y - +0 broad axe (flame)
rCold   . . .      Faith    .   e - +1 buckler {reflect}
rNeg    . . .      Spirit   .   k - +0 plate armour
rPois   .          Reflect  +   (helmet restricted)
rElec   .          Harm     .   (no cloak)
rCorr   .          Rampage  .   t - +2 pair of gloves {Dex+3}
Will    .....                   i - +0 pair of boots
Stlth   ..........              (no amulet)
HPRegen 0.28/turn               n - ring of see invisible
MPRegen 0.12/turn               q - +4 ring of protection

@: about to teleport, on berserk cooldown, slowed, very slow
A: horns 2, retaliatory headbutt
a: Renounce Religion, Berserk, Trog's Hand, Brothers in Arms


You were on level 2 of the Lair of Beasts.
You worshipped Trog.
Trog was greatly pleased with you.
You visited 2 branches of the dungeon, and saw 12 of its levels.

You collected 2378 gold pieces.
You spent 217 gold pieces at shops.


Innate Abilities, Weirdness & Mutations

You have a pair of horns on your head.
You reflexively headbutt those who attack you in melee.


   Skills:
 - Level 11.9 Fighting
 + Level 17.5 Axes
 - Level 4.0 Throwing
 - Level 10.1 Armour
 - Level 5.2 Dodging
 - Level 7.2 Shields


You had 11 spell levels left.
You didn't know any spells.
Your spell library was empty.

Inventory:

Hand Weapons
 Y - a +0 broad axe of flaming (weapon)
Missiles
 w - 3 javelins (quivered)
Armour
 e - a +1 buckler of reflection (worn)
 i - a +0 pair of boots (worn)
 k - a +0 plate armour (worn)
 p - the +0 chain mail "Vouts" {Slay+3 SInv}
   (You found it on level 7 of the Dungeon)

   Slay:      It affects your accuracy & damage with ranged weapons and melee
   (+3).
   SInv:      It lets you see invisible.
 t - a +2 pair of gloves of dexterity (worn)
Jewellery
 d - a +6 ring of strength
 n - a ring of see invisible (left hand)
 q - a +4 ring of protection (right hand)
Scrolls
 a - a scroll of teleportation
 g - 3 scrolls of identify
 j - 2 scrolls of silence {unknown}
Potions
 b - 4 potions of might
 c - a potion of resistance
 f - 4 potions of haste
 h - 12 potions of curing
 l - a potion of invisibility {unknown}
 m - a potion of cancellation
 r - a potion of ambrosia {unknown}
 s - a potion of degeneration {unknown}

Dungeon Overview and Level Annotations

Branches:
Dungeon (10/15)            Temple (0/1) D:7            Lair (2/5) D:10
  Swamp: Lair:2-3    Shoals: Lair:2-3     Snake: Lair:2-3    Spider: Lair:2-3
    Orc: D:9-12

Altars:
Uskayaw

Shops:
D:4 !   D:6 *   D:7 =


Message History

Trog accepts your kill.
You start resting.
An electric eel comes into view.
14132 ||| FLEEEEING.
14134 ||| FLEEEEING.
The electric eel shoots out a bolt of lightning at you!
The bolt of electricity hits you but does no damage.
14135 ||| FLEEEEING.
The electric eel shoots out a bolt of lightning at you!
The bolt of electricity hits you.
You see here a blink frog corpse.
The electric eel shoots out a bolt of lightning at you!
The bolt of electricity hits you!
The electric eel shoots out a bolt of lightning at you!
The bolt of electricity hits you!
14138 ||| FLEEEEING.
The electric eel shoots out a bolt of lightning at you!
The bolt of electricity hits you!
14139 ||| FLEEEEING.
The electric eel shoots out a bolt of lightning at you!
The bolt of electricity hits you!
You see here a blink frog corpse.
14140 ||| FLEEEEING.
The electric eel shoots out a bolt of lightning at you!
The bolt of electricity hits you.
You see here a blink frog corpse.
14141 ||| FLEEEEING.
The electric eel shoots out a bolt of lightning at you!
The bolt of electricity hits you.
The electric eel shoots out a bolt of lightning at you!
The bolt of electricity misses you.
14142 ||| FLEEEEING.
14143 ||| READING 2 scrolls of teleportation.
As you read the scroll of teleportation, it crumbles to dust.
You feel strangely unstable.
The electric eel shoots out a bolt of lightning at you!
The bolt of electricity hits you!
The electric eel shoots out a bolt of lightning at you!
The bolt of electricity hits you!
You die...

##P...~~# #P...S~~# ####
##### #.%.~~~~# ##.# ##.#.#
#.%.~~~.#?.. ...## #....#
##...~~..!.#
....#####P...#####.%%....(.##
........#....P....%......(##
........................###
#...%...........@.....#.#
###................^#####
##.#.%........P##..#
##.#.#P...P#.####.#
######...#### ### #.<.##
##....# #....P# #P....#


You could see an electric eel.

Vanquished Creatures
  Harold (D:9)
  3 hydras
  A two-headed ogre (D:9)
  Amaemon (Lair:1)
  Urug (Lair:1)
  A black mamba (Lair:2)
  Joseph (D:7)
  An orange demon (Lair:1)
  A gargoyle (D:10)
  2 komodo dragons
  Psyche (D:10)
  2 cane toads
  A hornet (D:10)
  A polar bear (Lair:2)
  2 trolls (D:9)
  8 blink frogs
  19 yaks
  2 shadows
  A wyvern (D:10)
  3 steam dragons (D:7)
  A basilisk (Lair:2)
  2 acid dragons
  10 water moccasins
  4 orc warriors
  An ice beast (D:6)
  2 black bears
  2 sky beasts
  An ogre (D:6)
  4 centaurs
  A kobold brigand (D:7)
  A phantom (D:5)
  3 bullfrogs
  3 scorpions
  2 necrophages
  12 wights
  A howler monkey (D:8)
  3 electric eels
  4 jellies
  A gnoll bouda (D:5)
  4 orc priests
  6 hounds
  An iguana (D:5)
  5 orc wizards
  12 adders
  8 gnolls (D:5)
  4 shadow imps
  3 white imps
  2 ufetubi
  2 worms (D:2)
  5 dart slugs
  31 orcs
  8 ball pythons
  4 endoplasms
  2 giant cockroaches
  5 goblins
  10 hobgoblins
  5 quokkas
  2 bats
  4 frilled lizards
  3 kobolds
  5 rats
242 creatures vanquished.

Vanquished Creatures (others)
  14 fungi
  9 plants
23 creatures vanquished.

Grand Total: 265 creatures vanquished

Notes
Turn   | Place    | Note
-------+----------+-------------------------------------------
     0 | D:1      | qw the Minotaur Berserker began the quest for the Orb.
     0 | D:1      | Reached XP level 1. HP: 19/19 MP: 0/0
     0 | D:1      | 0 ||| qw: Version: 0.1-a-108-g9e35731
     0 | D:1      | 0 ||| qw: Game counter: 6567
     0 | D:1      | 0 ||| qw: Always use a shield: true
     0 | D:1      | 0 ||| qw: Do Orc after D:15 true
     0 | D:1      | 0 ||| qw: Do second Lair branch before Depths: true
     0 | D:1      | 0 ||| qw: Lair rune preference: random
     0 | D:1      | 0 ||| qw: Plans: Normal
     0 | D:1      | 0 ||| PLANNING D:1-11
    37 | D:1      | 37 ||| Stepping ~*~*~tactically~*~*~ (hiding).
    45 | D:1      | Reached skill level 4 in Axes
   244 | D:1      | Reached XP level 2. HP: 26/26 MP: 1/1
   844 | D:1      | 844 ||| UPGRADING to +0 plate armour.
   854 | D:1      | 854 ||| DROPPING +0 animal skin.
   855 | D:1      | 855 ||| READING scroll labelled FIUTAETUIM.
   856 | D:1      | 856 ||| READING scroll labelled IGGUGERPH REOSH.
   857 | D:1      | 857 ||| READING scroll labelled NOV CI ZUNENE.
   914 | D:2      | 914 ||| Stepping ~*~*~tactically~*~*~ (stealth).
  1012 | D:2      | Found a faded altar of an unknown god.
  1058 | D:2      | 1058 ||| INVOKING Berserk.
  1295 | D:2      | 1295 ||| Stepping ~*~*~tactically~*~*~ (stealth).
  1297 | D:2      | 1297 ||| Stepping ~*~*~tactically~*~*~ (stealth).
  1302 | D:2      | 1302 ||| Stepping ~*~*~tactically~*~*~ (stealth).
  1305 | D:2      | 1305 ||| Stepping ~*~*~tactically~*~*~ (stealth).
  1309 | D:2      | Reached skill level 5 in Axes
  1313 | D:2      | 1313 ||| INVOKING Berserk.
  1411 | D:2      | 1411 ||| FLEEEEING.
  1412 | D:2      | 1412 ||| FLEEEEING.
  1413 | D:2      | 1413 ||| FLEEEEING.
  1414 | D:2      | 1414 ||| FLEEEEING.
  1415 | D:2      | 1415 ||| FLEEEEING.
  1416 | D:2      | 1416 ||| FLEEEEING.
  1417 | D:2      | 1417 ||| FLEEEEING.
  1418 | D:2      | 1418 ||| FLEEEEING.
  1419 | D:2      | 1419 ||| FLEEEEING.
  1420 | D:2      | 1420 ||| FLEEEEING.
  1421 | D:2      | 1421 ||| STAIRDANCE
  1505 | D:1      | 1505 ||| READING 3 scrolls labelled IKHLIN LONOUCA.
  1506 | D:1      | 1506 ||| DRINKING 2 smoky dark potions.
  1507 | D:1      | 1507 ||| DROPPING 2 scrolls of blinking.
  1512 | D:2      | Reached XP level 3. HP: 31/31 MP: 2/2
  1636 | D:2      | 1636 ||| SWAPPING to +0 war axe.
  1637 | D:2      | 1637 ||| Stepping ~*~*~tactically~*~*~ (hiding).
  1642 | D:2      | 1642 ||| Stepping ~*~*~tactically~*~*~ (hiding).
  1662 | D:2      | 1662 ||| DROPPING +0 hand axe.
  1827 | D:2      | 1827 ||| INVOKING Berserk.
  2033 | D:2      | 2033 ||| UPGRADING to +0 pair of boots.
  2038 | D:2      | 2038 ||| READING scroll labelled ROUSEA AVIES.
  2102 | D:3      | 2102 ||| Stepping ~*~*~tactically~*~*~ (stealth).
  2122 | D:3      | 2122 ||| Stepping ~*~*~tactically~*~*~ (stealth).
  2125 | D:3      | 2125 ||| Stepping ~*~*~tactically~*~*~ (hiding).
  2128 | D:3      | 2128 ||| INVOKING Berserk.
  2130 | D:3      | Reached skill level 6 in Axes
  2130 | D:3      | Reached XP level 4. HP: 39/39 MP: 3/3
  2252 | D:3      | 2252 ||| DROPPING +0 flail.
  2266 | D:3      | 2266 ||| Stepping ~*~*~tactically~*~*~ (stealth).
  2267 | D:3      | 2267 ||| Stepping ~*~*~tactically~*~*~ (stealth).
  2272 | D:3      | Reached ** piety under Trog
  2414 | D:3      | 2414 ||| Stepping ~*~*~tactically~*~*~ (stealth).
  2576 | D:3      | Reached skill level 7 in Axes
  2576 | D:3      | Reached XP level 5. HP: 45/45 MP: 4/4
  2650 | D:3      | 2650 ||| UPGRADING to +0 buckler.
  2655 | D:3      | 2655 ||| READING scroll labelled CUAJAA HETAYM.
  2702 | D:4      | 2702 ||| Stepping ~*~*~tactically~*~*~ (hiding).
  2890 | D:4      | 2890 ||| INVOKING Berserk.
  2894 | D:4      | Reached skill level 3 in Armour
  2907 | D:4      | 2907 ||| Stepping ~*~*~tactically~*~*~ (stealth).
  3099 | D:4      | Reached XP level 6. HP: 53/53 MP: 5/5
  3106 | D:4      | 3106 ||| Stepping ~*~*~tactically~*~*~ (stealth).
  3114 | D:4      | Found Kyduw's Distillery.
  3120 | D:4      | 3120 ||| BUYING potion of curing (30 gold).
  3120 | D:4      | Bought a potion of curing for 30 gold pieces
  3120 | D:4      | 3120 ||| BUYING potion of curing (30 gold).
  3120 | D:4      | Bought a potion of curing for 30 gold pieces
  3120 | D:4      | 3120 ||| BUYING potion of curing (30 gold).
  3120 | D:4      | Bought a potion of curing for 30 gold pieces
  3120 | D:4      | 3120 ||| BUYING potion of haste (100 gold).
  3120 | D:4      | Bought a potion of haste for 100 gold pieces
  3120 | D:4      | 3120 ||| SHOPLISTING potion of haste (100 gold, have 12).
  3120 | D:4      | 3120 ||| SHOPLISTING potion of mutation (80 gold, have 12).
  3731 | D:4      | 3731 ||| UPGRADING to ring of see invisible.
  3732 | D:4      | 3732 ||| READING 2 scrolls of identify.
  3732 | D:4      | 3732 ||| IDENTIFYING pink potion
  3751 | D:5      | Entered Level 5 of the Dungeon
  3805 | D:5      | 3805 ||| Stepping ~*~*~tactically~*~*~ (stealth).
  3807 | D:5      | 3807 ||| Stepping ~*~*~tactically~*~*~ (stealth).
  3809 | D:5      | 3809 ||| Stepping ~*~*~tactically~*~*~ (stealth).
  3810 | D:5      | 3810 ||| INVOKING Berserk.
  3908 | D:5      | 3908 ||| Stepping ~*~*~tactically~*~*~ (stealth).
  3909 | D:5      | 3909 ||| Stepping ~*~*~tactically~*~*~ (stealth).
  3911 | D:5      | 3911 ||| Stepping ~*~*~tactically~*~*~ (hiding).
  3914 | D:5      | 3914 ||| INVOKING Berserk.
  3916 | D:5      | Reached skill level 8 in Axes
  4008 | D:5      | Reached *** piety under Trog
  4009 | D:5      | Reached XP level 7. HP: 60/60 MP: 6/6
  4048 | D:5      | 4048 ||| INVOKING Berserk.
  4525 | D:5      | 4525 ||| Stepping ~*~*~tactically~*~*~ (hiding).
  4529 | D:5      | 4529 ||| INVOKING Berserk.
  4538 | D:5      | Reached skill level 9 in Axes
  4542 | D:5      | Reached skill level 3 in Shields
  4544 | D:5      | HP: 22/90 [poisoned by a water moccasin]
  4546 | D:5      | 4546 ||| READING scroll of teleportation.
  4961 | D:5      | Found a hide-covered altar of Uskayaw.
  5010 | D:5      | 5010 ||| Stepping ~*~*~tactically~*~*~ (stealth).
  5011 | D:5      | 5011 ||| Stepping ~*~*~tactically~*~*~ (stealth).
  5057 | D:5      | 5057 ||| INVOKING Berserk.
  5216 | D:5      | 5216 ||| Stepping ~*~*~tactically~*~*~ (stealth).
  5301 | D:5      | 5301 ||| READING scroll labelled AFRIPA OSYSTRI.
  5302 | D:5      | 5302 ||| READING scroll labelled ATZIDIU LOVOATH.
  5303 | D:5      | 5303 ||| READING 2 scrolls of identify.
  5303 | D:5      | 5303 ||| IDENTIFYING sedimented cyan potion
  5304 | D:5      | 5304 ||| DRINKING potion of experience.
  5304 | D:5      | Reached skill level 16 in Axes
  5304 | D:5      | Reached XP level 8. HP: 68/68 MP: 7/7
  5305 | D:5      | 5305 ||| Stepping randomly (stuck).
  5306 | D:5      | 5306 ||| Stepping ~*~*~tactically~*~*~ (cloud).
  5466 | D:6      | 5466 ||| STAIRDANCE
  5471 | D:6      | 5471 ||| STAIRDANCE
  5492 | D:6      | 5492 ||| STAIRDANCE
  5553 | D:6      | 5553 ||| STAIRDANCE
  5605 | D:6      | 5605 ||| INVOKING Berserk.
  5746 | D:6      | Found Bukap's Assorted Antiques.
  5747 | D:6      | 5747 ||| Stepping ~*~*~tactically~*~*~ (stealth).
  5755 | D:6      | Reached XP level 9. HP: 75/75 MP: 8/8
  5762 | D:6      | 5762 ||| INVOKING Berserk.
  5765 | D:6      | Reached skill level 6 in Fighting
  5803 | D:6      | 5803 ||| FLEEEEING.
  5804 | D:6      | 5804 ||| FLEEEEING.
  5820 | D:6      | 5820 ||| SHOPLISTING 2 potions of might (248 gold, have
                  | 142).
  5820 | D:6      | 5820 ||| BUYING black potion (27 gold).
  5820 | D:6      | Bought a black potion for 27 gold pieces
  5891 | D:6      | 5891 ||| INVOKING Berserk.
  5903 | D:6      | 5903 ||| Stepping ~*~*~tactically~*~*~ (stealth).
  6175 | D:6      | 6175 ||| Stepping ~*~*~tactically~*~*~ (hiding).
  6534 | D:6      | 6534 ||| DRINKING 2 black potions.
  6639 | D:7      | 6639 ||| INVOKING Berserk.
  6746 | D:7      | Noticed Joseph
  6752 | D:7      | 6752 ||| INVOKING Berserk.
  6755 | D:7      | Killed Joseph
  6979 | D:7      | Found a staircase to the Ecumenical Temple.
  6991 | D:7      | 6991 ||| INVOKING Berserk.
  7132 | D:7      | 7132 ||| Stepping ~*~*~tactically~*~*~ (stealth).
  7137 | D:7      | 7137 ||| INVOKING Berserk.
  7220 | D:7      | Found Useep's Jewellery Emporium.
  7229 | D:7      | 7229 ||| SHOPLISTING amulet of the Mackerel {Fly Regen+
                  | Int+2} (606 gold, have 251).
  7229 | D:7      | 7229 ||| SHOPLISTING amulet of the acrobat (420 gold, have
                  | 251).
  7229 | D:7      | 7229 ||| SHOPLISTING ring of fire (350 gold, have 251).
  7229 | D:7      | 7229 ||| SHOPLISTING ring of protection from cold (350
                  | gold, have 251).
  7399 | D:7      | 7399 ||| Stepping ~*~*~tactically~*~*~ (hiding).
  7400 | D:7      | 7400 ||| Stepping ~*~*~tactically~*~*~ (hiding).
  7497 | D:7      | 7497 ||| INVOKING Berserk.
  7504 | D:7      | Reached skill level 6 in Armour
  7626 | D:7      | Identified the +0 chain mail "Vouts" {Slay+3 SInv}
  7830 | D:7      | 7830 ||| READING scroll labelled TOFEPP MAPT.
  7831 | D:7      | 7831 ||| READING 2 scrolls of identify.
  7831 | D:7      | 7831 ||| IDENTIFYING ruby potion
  7832 | D:7      | 7832 ||| DROPPING potion of lignification.
  7868 | D:8      | 7868 ||| Stepping ~*~*~tactically~*~*~ (stealth).
  7869 | D:8      | 7869 ||| Stepping ~*~*~tactically~*~*~ (hiding).
  7870 | D:8      | 7870 ||| Stepping ~*~*~tactically~*~*~ (hiding).
  7871 | D:8      | 7871 ||| Stepping ~*~*~tactically~*~*~ (hiding).
  7872 | D:8      | 7872 ||| Stepping ~*~*~tactically~*~*~ (hiding).
  7873 | D:8      | 7873 ||| Stepping ~*~*~tactically~*~*~ (hiding).
  7874 | D:8      | 7874 ||| Stepping ~*~*~tactically~*~*~ (hiding).
  7875 | D:8      | 7875 ||| Stepping ~*~*~tactically~*~*~ (hiding).
  7876 | D:8      | 7876 ||| Stepping ~*~*~tactically~*~*~ (hiding).
  7880 | D:8      | 7880 ||| INVOKING Berserk.
  7884 | D:8      | Reached XP level 10. HP: 86/86 MP: 9/9
  8112 | D:8      | 8112 ||| Stepping ~*~*~tactically~*~*~ (stealth).
  8113 | D:8      | 8113 ||| Stepping ~*~*~tactically~*~*~ (stealth).
  8339 | D:8      | 8339 ||| Stepping ~*~*~tactically~*~*~ (stealth).
  8394 | D:8      | 8394 ||| Stepping ~*~*~tactically~*~*~ (hiding).
  8419 | D:8      | 8419 ||| Stepping ~*~*~tactically~*~*~ (stealth).
  8600 | D:8      | 8600 ||| UPGRADING to +4 ring of protection.
  8601 | D:8      | 8601 ||| READING scroll labelled BOAWEES VOUVOI.
  8602 | D:8      | 8602 ||| READING 2 scrolls of identify.
  8602 | D:8      | 8602 ||| IDENTIFYING golden potion
  8685 | D:9      | 8685 ||| INVOKING Berserk.
  8863 | D:9      | 8863 ||| Stepping ~*~*~tactically~*~*~ (stealth).
  8894 | D:9      | Noticed a two-headed ogre
  8899 | D:9      | 8899 ||| INVOKING Berserk.
  8903 | D:9      | Killed a two-headed ogre
  8904 | D:9      | Reached skill level 9 in Fighting
  8909 | D:9      | 8909 ||| Stepping ~*~*~tactically~*~*~ (stealth).
  9054 | D:9      | 9054 ||| Stepping ~*~*~tactically~*~*~ (stealth).
  9066 | D:9      | 9066 ||| Stepping ~*~*~tactically~*~*~ (stealth).
  9103 | D:9      | 9103 ||| Stepping ~*~*~tactically~*~*~ (hiding).
  9115 | D:9      | 9115 ||| INVOKING Berserk.
  9119 | D:9      | Reached skill level 6 in Shields
  9295 | D:9      | 9295 ||| Stepping ~*~*~tactically~*~*~ (stealth).
  9309 | D:9      | Reached skill level 3 in Dodging
  9457 | D:9      | Noticed Harold
  9458 | D:9      | 9458 ||| INVOKING Berserk.
  9468 | D:9      | Killed Harold
  9728 | D:9      | Reached **** piety under Trog
  9753 | D:9      | 9753 ||| Stepping ~*~*~tactically~*~*~ (stealth).
  9755 | D:9      | 9755 ||| Stepping ~*~*~tactically~*~*~ (stealth).
  9762 | D:9      | 9762 ||| FLEEEEING.
  9773 | D:9      | Reached XP level 11. HP: 90/99 MP: 10/10
  9982 | D:9      | 9982 ||| UPGRADING to +2 pair of gloves of dexterity.
  9987 | D:9      | 9987 ||| DRINKING 2 sapphire potions.
  9988 | D:9      | 9988 ||| READING 3 scrolls of identify.
  9988 | D:9      | 9988 ||| IDENTIFYING silvery potion
  9989 | D:9      | 9989 ||| READING 2 scrolls of identify.
  9989 | D:9      | 9989 ||| IDENTIFYING emerald potion
  9990 | D:9      | 9990 ||| DROPPING potion of brilliance.
  9991 | D:9      | 9991 ||| DROPPING potion of berserk rage.
 10012 | D:10     | Entered Level 10 of the Dungeon
 10172 | D:10     | Paralysed by a hornet for 3 turns
 10177 | D:10     | Reached skill level 9 in Armour
 10395 | D:10     | 10395 ||| Stepping ~*~*~tactically~*~*~ (hiding).
 10396 | D:10     | 10396 ||| Stepping ~*~*~tactically~*~*~ (hiding).
 10534 | D:10     | 10534 ||| INVOKING Berserk.
 10910 | D:10     | Noticed Psyche
 10914 | D:10     | 10914 ||| INVOKING Berserk.
 10918 | D:10     | Killed Psyche
 11070 | D:10     | 11070 ||| Stepping ~*~*~tactically~*~*~ (hiding).
 11071 | D:10     | 11071 ||| Stepping ~*~*~tactically~*~*~ (hiding).
 11075 | D:10     | 11075 ||| Stepping ~*~*~tactically~*~*~ (hiding).
 11077 | D:10     | 11077 ||| INVOKING Berserk.
 11544 | D:10     | Found a staircase to the Lair.
 11545 | D:10     | 11545 ||| INVOKING Berserk.
 11832 | D:10     | 11832 ||| PLANNING LAIR
 11832 | D:10     | 11832 ||| READING scroll labelled FUZECO WIAMOLI.
 11833 | D:10     | 11833 ||| READING 2 scrolls of identify.
 11833 | D:10     | 11833 ||| IDENTIFYING purple potion
 11834 | D:10     | 11834 ||| DROPPING potion of attraction.
 11862 | Lair:1   | Entered Level 1 of the Lair of Beasts
 11876 | Lair:1   | Noticed Amaemon
 11876 | Lair:1   | Noticed Urug
 11877 | Lair:1   | 11877 ||| Stepping ~*~*~tactically~*~*~ (hiding).
 11879 | Lair:1   | 11879 ||| INVOKING Berserk.
 11883 | Lair:1   | Killed Urug
 11899 | Lair:1   | HP: 24/101 [poisoned by Amaemon]
 11900 | Lair:1   | 11900 ||| READING 3 scrolls of teleportation.
 11900 | Lair:1   | HP: 4/101 [poisoned by an orange demon]
 11901 | Lair:1   | 11901 ||| DRINKING potion of heal wounds.
 11901 | Lair:1   | Noticed a seven-headed hydra
 11902 | Lair:1   | 11902 ||| READING 2 scrolls of teleportation.
 11903 | Lair:1   | 11903 ||| SWAPPING to +1 morningstar of protection.
 11905 | Lair:1   | 11905 ||| SWAPPING to +1 war axe.
 11905 | Lair:1   | HP: 5/101 [poisoned by an orange demon]
 11906 | Lair:1   | 11906 ||| DRINKING 12 potions of curing.
 11906 | Lair:1   | 11906 ||| (to cure poison)
 12245 | Lair:1   | 12245 ||| Stepping ~*~*~tactically~*~*~ (stealth).
 12251 | Lair:1   | 12251 ||| Stepping ~*~*~tactically~*~*~ (stealth).
 12387 | Lair:1   | 12387 ||| INVOKING Berserk.
 12396 | Lair:1   | Killed a ten-headed hydra
 12610 | Lair:1   | 12610 ||| Stepping ~*~*~tactically~*~*~ (hiding).
 12612 | Lair:1   | 12612 ||| Stepping ~*~*~tactically~*~*~ (hiding).
 12615 | Lair:1   | 12615 ||| INVOKING Berserk.
 12625 | Lair:1   | Killed Amaemon
 12748 | Lair:1   | 12748 ||| INVOKING Berserk.
 12883 | Lair:1   | 12883 ||| DROPPING +1 morningstar of protection.
 13067 | Lair:1   | 13067 ||| INVOKING Berserk.
 13188 | Lair:1   | 13188 ||| SWAPPING to +0 broad axe of flaming.
 13189 | Lair:1   | 13189 ||| DROPPING +0 demon whip of venom.
 13190 | Lair:1   | 13190 ||| DROPPING +1 war axe.
 13433 | Lair:1   | 13433 ||| READING 3 scrolls labelled QUTZUS QITS.
 13433 | Lair:1   | Identified 3 scrolls of acquirement
 13433 | Lair:1   | 13433 ||| ACQUIRING 513 gold pieces
 13433 | Lair:1   | Acquired 513 gold pieces
 13435 | Lair:1   | 13435 ||| READING 2 scrolls of acquirement.
 13435 | Lair:1   | 13435 ||| ACQUIRING 1135 gold pieces
 13435 | Lair:1   | Acquired 1135 gold pieces
 13437 | Lair:1   | 13437 ||| READING scroll of acquirement.
 13437 | Lair:1   | 13437 ||| ACQUIRING +1 buckler of reflection
 13437 | Lair:1   | Acquired a +1 buckler of reflection
 13439 | Lair:1   | 13439 ||| UPGRADING to +1 buckler of reflection.
 13449 | Lair:1   | 13449 ||| DROPPING +0 buckler.
 13450 | Lair:1   | 13450 ||| READING scroll labelled KUOMIWIHOGG.
 13451 | Lair:1   | 13451 ||| READING scroll labelled WEUSEUPSORGHE.
 13514 | Lair:2   | Noticed a six-headed hydra
 13515 | Lair:2   | 13515 ||| Stepping ~*~*~tactically~*~*~ (stealth).
 13519 | Lair:2   | 13519 ||| INVOKING Berserk.
 13522 | Lair:2   | Reached skill level 1 in Throwing
 13524 | Lair:2   | Killed a four-headed hydra
 13669 | Lair:2   | Noticed an eight-headed hydra
 13673 | Lair:2   | 13673 ||| INVOKING Berserk.
 13675 | Lair:2   | Killed a six-headed hydra
 13676 | Lair:2   | Reached skill level 3 in Throwing
 13676 | Lair:2   | Reached XP level 12. HP: 112/112 MP: 11/11
 13941 | Lair:2   | 13941 ||| INVOKING Berserk.
 14094 | Lair:2   | 14094 ||| INVOKING Berserk.
 14098 | Lair:2   | Reached skill level 17 in Axes
 14132 | Lair:2   | 14132 ||| FLEEEEING.
 14134 | Lair:2   | 14134 ||| FLEEEEING.
 14135 | Lair:2   | 14135 ||| FLEEEEING.
 14138 | Lair:2   | 14138 ||| FLEEEEING.
 14139 | Lair:2   | 14139 ||| FLEEEEING.
 14139 | Lair:2   | HP: 20/112 [electric eel/bolt of electricity (10)]
 14140 | Lair:2   | 14140 ||| FLEEEEING.
 14141 | Lair:2   | 14141 ||| FLEEEEING.
 14142 | Lair:2   | 14142 ||| FLEEEEING.
 14143 | Lair:2   | 14143 ||| READING 2 scrolls of teleportation.
 14143 | Lair:2   | Killed from afar by an electric eel

Levels and vault maps discovered:
D:1:      scummos_arrival_simple_fountains, layout_basic, serial_bayou_ford_a,
          kennysheep_doodads
D:2:      layout_basic, shapermc_ecumenical_altar_mp_urbaneastern
D:3:      layout_rooms, minmay_bisected
D:4:      layout_basic, serial_shops, nicolae_diamond_shop,
          hangedman_abyss_or_decor_lesser_grid, minmay_misc_feat_encased
D:5:      layout_loops_corners, nicolae_uskayaw_suspiria
D:6:      hellmonk_destroyed_diamonds, layout_cave_pools, serial_shops,
          nicolae_diamond_shop, eino_tiny_chamber,
          hangedman_abyss_or_decor_slice
D:7:      layout_basic, minmay_temple_entry_glass, serial_shops,
          nicolae_lakefront_shop, minmay_quadrilaterals, uniq_joseph
D:8:      minmay_octagon_keep, layout_cave_pools, st_stairs_11
D:9:      layout_roguey, enter_bailey_4, palyth_stone_intersect,
          minmay_misc_feat_more_columns, kennysheep_small_spiral, uniq_harold
D:10:     layout_stronghold, grunt_lair_entry_orc_guard_hut, uniq_psyche
Lair:1:   layout_small_grid, chequers_serial_rivers_micro_c,
          nicolae_quartered_pool_little, infiniplex_staircase_pool_2, uniq_urug,
          uniq_amaemon
Lair:2:   layout_hall_layers, nicolae_lair_lakeside_cave

Skill      XL: |  1  2  3  4  5  6  7  8  9 10 11 12 |
---------------+-------------------------------------+-----
Axes           | 4 5 6 7 8 16 17 | 17.5
Shields        | 2 3 5 6 7 |  7.2
Armour         | 3 4 6 8 10 | 10.1
Fighting       | 4 5 7 9 11 | 11.9
Dodging        | 3 5 |  5.2
Throwing       | 3 4 |  4.0

Action                   |  1- 3 |  4- 6 |  7- 9 | 10-12 || total
-------------------------+-------+-------+-------+-------++-------
Melee: Hand axe          |    46 |       |       |       ||    46
       Headbutt          |    12 |     9 |    29 |    61 ||   111
       War axe           |    19 |   103 |   175 |   284 ||   581
       Broad axe         |       |       |       |    41 ||    41
       Morningstar       |       |       |       |     1 ||     1
Throw: Boomerang         |    18 |    46 |     9 |       ||    73
       Javelin           |       |       |       |    13 ||    13
Invok: Berserk           |     4 |     3 |    12 |    17 ||    36
  Use: Scroll            |     5 |     2 |     6 |    14 ||    27
       Potion            |     1 |       |     2 |     3 ||     6
Armor: Plate armour      |    20 |    56 |    83 |   139 ||   298
Dodge: Dodged            |    17 |    32 |    37 |    68 ||   154
Block: Buckler           |       |    10 |    28 |    56 ||    94

Table legend:
 A = Non-vault XP
 B = Vault XP
 C = Vault XP percentage of total XP
 D = Non-vault monster count
 E = Vault monster count
 F = Vault count percentage of total count
                 A         B        C        D         E       F
            +---------+---------+-------+---------+---------+-------
      Total |   17694 |    7365 |  29.4 |     204 |      38 |  15.7
            +---------+---------+-------+---------+---------+-------
        D:1 |      19 |       0 |   0.0 |      10 |       0 |   0.0
        D:2 |      43 |       0 |   0.0 |      17 |       0 |   0.0
        D:3 |     139 |       1 |   0.7 |      24 |       1 |   4.0
        D:4 |     333 |       0 |   0.0 |      23 |       0 |   0.0
        D:5 |     730 |       0 |   0.0 |      32 |       0 |   0.0
        D:6 |     969 |       0 |   0.0 |      11 |       0 |   0.0
        D:7 |     748 |    1080 |  59.1 |      15 |       6 |  28.6
        D:8 |     675 |     868 |  56.3 |      10 |      10 |  50.0
        D:9 |    3666 |     889 |  19.5 |      20 |       6 |  23.1
       D:10 |    2118 |    1289 |  37.8 |      14 |       6 |  30.0
     Lair:1 |    3886 |    2011 |  34.1 |      16 |       3 |  15.8
     Lair:2 |    4368 |    1227 |  21.9 |      12 |       6 |  33.3
            +---------+---------+-------+---------+---------+-------
